 Dungeon Crawl Stone Soup version 0.30-a0-757-ga6a79fd877 (webtiles) character file.

Game seed: 15088032428014592271

306 NinjaNoafa the Magician (level 6, -10/67 HPs)
             Began as a Djinni Conjurer on Feb 9, 2023.
             Mangled by Pikel
             ... wielding a +2 whip of electrocution
              (20 damage)
             ... on level 4 of the Dungeon.
             The game lasted 00:14:13 (2560 turns).

NinjaNoafa the Magician (Djinni Conjurer)           Turns: 2560, Time: 00:14:14

Health: -10/67     AC:  8    Str:  6    XL:     6   Next: 67%
Gold:   77         EV: 12    Int: 21    God:
                   SH:  0    Dex: 12

rFire   + + .      SeeInvis .    r - +5 Force Lance {heavy, knockback}
rCold   . . .      Faith    .    (no shield)
rNeg    . . .      Spirit   .    p - +2 robe {Will+}
rPois   ∞          Reflect  .    (no helmet)
rElec   .          Harm     .    (no cloak)
rCorr   .          Rampage  .    (no gloves)
Will    +....                    (boots unavailable) Stlth
                                 (no amulet)
HPRegen 0.31/turn                c - +4 ring of protection
MPRegen 0.00/turn                g - ring of protection from cold

@: berserking (expiring), flying, very quick
A: sickness immunity, fire resistance 2, cold vulnerability 1, float, innate
caster, HP casting, extra vitality 1
a: no special abilities


You were on level 4 of the Dungeon.
You visited 1 branch of the dungeon, and saw 4 of its levels.

You collected 169 gold pieces.
You spent 92 gold pieces at shops.

Inventory:

Hand Weapons
 r - the +5 Force Lance (weapon) {heavy, knockback}
   (You found it on level 3 of the Dungeon)
Missiles
 a - a silver boomerang
 e - 8 poisoned darts
 i - 4 javelins
Armour
 p - a +2 robe of willpower (worn)
Jewellery
 c - a +4 ring of protection (left hand)
 g - a ring of protection from cold (right hand)
Scrolls
 b - a scroll of summoning
 d - 3 scrolls of blinking
 j - 2 scrolls of teleportation
 m - a scroll of torment {unknown}
 n - 2 scrolls of amnesia {unknown}
 o - a scroll of enchant weapon {unknown}
 q - 2 scrolls of immolation {unknown}
Potions
 f - a potion of haste
 k - a potion of brilliance
 l - a potion of berserk rage


   Skills:
 + Level 2.4 Fighting
 - Level 2.1 Dodging
 - Level 1.5 Stealth
 + Level 5.4 Spellcasting


You couldn't memorise any spells.
You knew the following spells:

 Your Spells              Type           Power      Damage    Failure   Level
a - Magic Dart            Conj           100%       1d8       1%          1
b - Searing Ray           Conj           56%        2d6       1%          2
c - Dazzling Flash        Conj/Hex       56%        N/A       3%          3
d - Fulminant Prism       Conj/Hex       14%        3d8       11%         4
e - Iskenderun's Mystic   Conj/Tloc      28%        2d7       11%         4
f - Summon Small Mammal   Summ           100%       N/A       1%          1
g - Poisonous Vapours     Pois/Air       56%        N/A       1%          2
Your spell library was empty.

Dungeon Overview and Level Annotations

Branches:
Dungeon (4/15)
 Temple: D:4-7

Altars:
Makhleb

Shops:
D:2 [

Annotations:
D:4 Pikel


Innate Abilities, Weirdness & Mutations

You are immune to sickness and miasma.
You are immune to poison.
Your flesh is very heat resistant. (rF++)
You are vulnerable to cold. (rC-)
You float through the air rather than walking.
You learn spells naturally, not from books.
Your magical power is your life essence.
You have superior vitality. (+4 MHP)


Message History

Look: Pikel, wielding a +2 whip of electrocution, wearing a +0 robe and carrying a wand of flame (10) (lightly wounded, chance to dazzle: 58%) Pikel is dazzled.
The lemure is dazzled. x2; Pikel closely misses you.
Casting: Dazzling Flash (dangerous; 3% risk of failure)
Confirm with . or Enter, or press ? or * to list all spells.
Aiming: Searing Ray (safe; 1% risk of failure)
Press: ? - help, Shift-Dir - straight line, f/p - Pikel
Aim: Pikel, wielding a +2 whip of electrocution, wearing a +0 robe and carrying a wand of flame (10) (lightly wounded, blind, 74% to hit)
Okay, then.
Casting: Searing Ray (safe; 1% risk of failure)
Confirm with . or Enter, or press ? or * to list all spells.
Aiming: Poisonous Vapours (safe; 1% risk of failure)
Press: ? - help, Dir - move target, f/p - Pikel
Aim: Pikel, wielding a +2 whip of electrocution, wearing a +0 robe and carrying a wand of flame (10) (lightly wounded, blind) Poisonous vapours surround Pikel!
Pikel is poisoned.
Pikel closely misses you.
Casting: Poisonous Vapours (safe; 1% risk of failure)
Confirm with . or Enter, or press ? or * to list all spells.
Aiming: Poisonous Vapours (safe; 1% risk of failure)
Press: ? - help, Dir - move target, f/p - Pikel
Aim: Pikel, wielding a +2 whip of electrocution, wearing a +0 robe and carrying a wand of flame (10) (lightly wounded, blind, very poisoned) Poisonous vapours surround Pikel!
Pikel looks as sick as possible!
* * * LOW HITPOINT WARNING * * *
Pikel hits you with a +2 whip of electrocution.
* * * LOW HITPOINT WARNING * * *
You are electrocuted!
* * * LOW HITPOINT WARNING * * *
Pikel shouts!
You hear a shout!
Pikel is no longer blind.
You see here a ball python corpse.
A red film seems to cover your vision as you go berserk!
You feel yourself moving faster!
You feel mighty!
The lemure is no longer blind.
Pikel closely misses you.
You barely miss Pikel. Your punch misses Pikel.
Pikel is moderately wounded.
Pikel barely misses you.
You puncture Pikel!
Pikel is severely wounded.
Pikel hits you with a +2 whip of electrocution!
* * * LOW HITPOINT WARNING * * *
You are electrocuted!!
You die...

#.# #...##†#
#.###.# #.#.# #
.# #.##.# #..#
#. #.# #....#
#..# .# ...#
####.## ##)##
.##...#
##.###.##
....... ##...##
.......
##.######.......
#..@K55.......#
########.......
#######


You could see Pikel (very poisoned) and 2 lemures.

Vanquished Creatures
  2 lemures (D:4)
  A scorpion (D:4)
  A vampire bat (D:3)
  An orc wizard (D:3)
  3 adders
  2 worms
  3 fire bats (D:3)
  7 orcs (D:3)
  2 spectral bats (D:3)
  11 bats
  3 bat skeletons (D:3)
  A bat zombie (D:3)
  7 endoplasms
  3 giant cockroaches
  5 goblins
  11 hobgoblins
  5 kobolds
  A quokka (D:2)
  A ball python (D:2)
  A bat simulacrum (D:3)
  A frilled lizard (D:1)
  2 rats (D:3)
74 creatures vanquished.

Vanquished Creatures (collateral kills)
  A dart slug (D:2)
  3 orcs (D:3)
  A ball python (D:4)
  2 bats
  A rat (D:3)
8 creatures vanquished.

Vanquished Creatures (others)
  A fulminant prism (D:4)
1 creature vanquished.

Grand Total: 83 creatures vanquished

Notes
Turn   | Place    | Note
-------+----------+-------------------------------------------
     0 | D:1      | NinjaNoafa the Djinni Conjurer began the quest for the Orb.
     0 | D:1      | NinjaNoafa set off with the following spells memorised:
                  | Magic Dart, Searing Ray, Dazzling Flash, Fulminant Prism,
                  | Iskenderun's Mystic Blast.
     0 | D:1      | Reached XP level 1. HP: 15/15 MP: 0/0
   123 | D:1      | Reached XP level 2. HP: 18/21 MP: 0/0
   691 | D:2      | Reached XP level 3. HP: 20/25 MP: 0/0
   691 | D:2      | Learned a level 1 spell: Summon Small Mammal
   879 | D:2      | Reached skill level 4 in Spellcasting
   885 | D:2      | Found Ofivamaf's Antique Armour Shoppe.
  1262 | D:2      | Reached XP level 4. HP: 26/31 MP: 0/0
  1762 | D:2      | Bought a glowing robe for 92 gold pieces
  1875 | D:3      | Found a faded altar of an unknown god.
  1912 | D:3      | Reached XP level 5. HP: 34/35 MP: 0/0
  1912 | D:3      | Learned a level 2 spell: Poisonous Vapours
  2034 | D:3      | Found the +5 Force Lance {heavy, knockback}
  2179 | D:3      | Reached skill level 5 in Spellcasting
  2179 | D:3      | Reached skill level 1 in Fighting
  2346 | D:3      | Reached XP level 6. HP: 43/43 MP: 0/0
  2451 | D:4      | Found a burning altar of Makhleb.
  2544 | D:4      | Noticed Pikel
  2560 | D:4      | Mangled by Pikel

Illustrated notes

Levels and vault maps discovered:
D:1:      arrival_zaba_pyramid, layout_loops_corners
D:2:      layout_basic, serial_shops, shop, kennysheep_generic_room_7
D:3:      layout_loops_ring, ebering_ecumenical_altar_box, goddamned_bats
D:4:      layout_loops_ring, mainiacjoe_overflow_alcove_1,
          nzn_hepliaklqana_mist_gate, nicolae_ru_path_of_blood,
          mainiacjoe_overflow_paths, lightli_temple_of_fire,
          cheibrodos_sewer_entry_drain, uniq_pikel

Skill      XL: |  1  2  3  4  5  6 |
---------------+-------------------+-----
Spellcasting   | 4 5 |  5.4
Fighting       | 1 2 |  2.4
Dodging        | |  2.1
Stealth        | |  1.5

Action                     |  1- 3 |  4- 6 || total
---------------------------+-------+-------++-------
  Melee: Dagger            |     5 |     7 ||    12
         Whip              |     1 |       ||     1
         Lance             |       |    34 ||    34
   Cast: Magic Dart        |    36 |    21 ||    57
         Searing Ray       |     7 |    11 ||    18
         Summon Small Mamm |     5 |    13 ||    18
         Dazzling Flash    |       |     3 ||     3
         Poisonous Vapours |       |    16 ||    16
         Iskenderun's Myst |       |     1 ||     1
         Fulminant Prism   |       |     1 ||     1
    Use: Scroll            |       |     7 ||     7
         Potion            |       |     1 ||     1
   Stab: Sleeping          |     1 |     3 ||     4
 Armour: Robe              |     3 |    49 ||    52
  Dodge: Dodged            |     9 |    72 ||    81

Table legend: (Time is in decaauts)
 A = Elapsed time spent in this place.
 B = Non-inter-level travel time spent in this place.
 C = Inter-level travel time spent in this place.
 D = Time resting spent in this place.
 E = Time spent auto-exploring this place.
 F = Levels seen in this place.
 G = Mean time per level.
                   A        B        C        D        E       F      G
               +--------+--------+--------+--------+--------+-----+--------+
         Total |   2577 |   2106 |    471 |     56 |    158 |   4 |  644.2 |
       Dungeon |   2577 |   2106 |    471 |     56 |    158 |   4 |  644.2 |
               +--------+--------+--------+--------+--------+-----+--------+

Top non-repeatable levels by time:
     D:3: 954 daAuts
     D:2: 814 daAuts
     D:1: 664 daAuts
     D:4: 144 daAuts
